 Dungeon Crawl Stone Soup version 0.31-a0-236-g9a0961fb85 (webtiles) character file.

Game seed: 3758429042119444812

125 qw the Shooter (level 5, -1/30 HPs)
             Began as a Gargoyle Hexslinger on July 10, 2023.
             Slain by a scorpion (6 damage)
             ... on level 3 of the Dungeon.
             The game lasted 00:00:56 (1662 turns).

qw the Shooter (Gargoyle Hexslinger)                Turns: 1662, Time: 00:00:57

Health: -1/30      AC:  9    Str: 17    XL:     5   Next: 9%
Magic:  0/6        EV: 11    Int: 14    God:
Gold:   243        SH:  0    Dex: 14    Spells: 5/6 levels left

rFire   . . .        Y - +0 shortbow
rCold   . . .        (shield currently unavailable)
rNeg    + . .        h - +0 ring mail
rPois   inf          (no helmet)
rElec   +            (no cloak)
rCorr   .            (no gloves)
SInv    .            (no boots)
Will    .....        g - amulet of guardian spirit
Stlth   +            a - +6 ring of strength
HPRegen 0.25/turn    (no ring)
MPRegen 0.10/turn

%: guardian spirit
@: no status effects
A: sickness immunity, AC +4, negative energy resistance 1, electricity
resistance, torment resistance 1, petrification resistance
a: no special abilities


You were on level 3 of the Dungeon.
You visited 1 branch of the dungeon, and saw 3 of its levels.

You collected 243 gold pieces.


Innate Abilities, Weirdness & Mutations

You are immune to sickness and miasma.
Your stone body is resilient. (AC +4)
You are immune to poison.
You resist negative energy. (rN+)
You are resistant to electric shocks. (rElec)
You are resistant to unholy torment.
You are immune to petrification.


   Skills:
 - Level 2.0 Fighting
 + Level 4.6 Ranged Weapons
 - Level 1.1 Armour
 - Level 1.5 Dodging
 - Level 1.0 Spellcasting
 - Level 2.6 Hexes


You had 5 spell levels left.
You knew the following spells:

 Your Spells              Type           Power      Damage    Failure   Level
a - Slow                  Hex            32%        N/A       16%         1

Your spell library contained the following spells:

 Spells                   Type           Power      Damage    Failure   Level
 Inner Flame              Hex/Fire       4%         N/A       63%         3
 Portal Projectile        Hex/Tloc       8%         N/A       63%         3
 Cause Fear               Hex            4%         N/A       85%         4

Inventory:

Hand Weapons
 Y - a +0 shortbow (weapon)
Armour
 h - a +0 ring mail (worn)
Jewellery
 a - a +6 ring of strength (left hand)
 g - an amulet of guardian spirit (around neck)
Scrolls
 b - a scroll of silence {unknown}
 c - a scroll of enchant weapon {unknown}
 d - 3 scrolls of identify
Potions
 e - a potion of heal wounds {unknown}
 i - 3 potions of curing

Dungeon Overview and Level Annotations

Branches:
Dungeon (3/15)

Altars:
Elyvilon
Uskayaw


Message History

The arrow hits the scorpion but does no damage.
The scorpion is heavily wounded.
The scorpion closely misses you.
You shoot an arrow. The arrow barely misses the scorpion.
The scorpion stings you but does no damage.
The scorpion misses you.
You shoot an arrow. The arrow barely misses the scorpion.
The scorpion barely misses you.
You shoot an arrow. The arrow barely misses the scorpion.
The scorpion misses you. The scorpion stings you.
You shoot an arrow. The arrow closely misses the scorpion.
The scorpion stings you.
You shoot an arrow.
The arrow hits the scorpion but does no damage.
The scorpion is heavily wounded.
The scorpion closely misses you. The scorpion barely misses you.
You shoot an arrow.
The arrow hits the scorpion but does no damage.
The scorpion is heavily wounded.
The scorpion closely misses you.
You shoot an arrow. The arrow closely misses the scorpion.
The scorpion stings you.
The scorpion stings you but does no damage.
You shoot an arrow.
The arrow hits the scorpion but does no damage.
The scorpion is heavily wounded.
The scorpion closely misses you.
You shoot an arrow. The arrow barely misses the scorpion.
The scorpion closely misses you. The scorpion barely misses you.
You shoot an arrow. The arrow barely misses the scorpion.
The scorpion stings you.
You shoot an arrow. The arrow barely misses the scorpion.
The scorpion stings you. The scorpion closely misses you.
You shoot an arrow. The arrow closely misses the scorpion.
The scorpion stings you.
You shoot an arrow.
The arrow hits the scorpion but does no damage.
The scorpion is heavily wounded.
The scorpion stings you.
You die...

#.##.~~.# #.....# #....#.
#.##)~~.# #.#...# #....##
#.)#.~~.# ##....# #.....#
#.8#.~~.# #.....# ###'###
#.##.~~.# ## ##....# ####.# #
#.##.~~.## #. #.#...# #..).###
####.##.~~..###. #.....###.#####.
.[.#)|#.~~.#.##s##..%...#..#####.
##..[8#.~~.##.##@#.#..#.>......#.
#######~~####..###...########.#.
#### #####....# #. ###### #. #>
#. #. #. #.


You could see a scorpion.

Vanquished Creatures
  6 adders
  A worm (D:3)
  A dart slug (D:3)
  An orc (D:3)
  3 ball pythons
  6 endoplasms
  5 giant cockroaches
  11 goblins
  4 hobgoblins
  2 quokkas (D:1)
  8 bats
  5 frilled lizards
  4 kobolds
  6 rats
63 creatures vanquished.

Notes
Turn   | Place    | Note
-------+----------+-------------------------------------------
     0 | D:1      | qw the Gargoyle Hexslinger began the quest for the Orb.
     0 | D:1      | Reached XP level 1. HP: 12/12 MP: 2/2
     0 | D:1      | 0 ||| qw: Version: 0.3-a-51-g015441d
     0 | D:1      | 0 ||| qw: Game counter: 4504
     0 | D:1      | 0 ||| qw: Melee chars always use a shield: true
     0 | D:1      | 0 ||| qw: God list: Okawaru
     0 | D:1      | 0 ||| qw: Allow faded altars: false
     0 | D:1      | 0 ||| qw: Do Orc after clearing Dungeon:15 true
     0 | D:1      | 0 ||| qw: Do second Lair branch before Depths: true
     0 | D:1      | 0 ||| qw: Lair rune preference: random
     0 | D:1      | 0 ||| qw: Goals: Normal
     0 | D:1      | 0 ||| PLANNING D:1-11
   140 | D:1      | Reached XP level 2. HP: 16/16 MP: 3/3
   200 | D:1      | Reached skill level 3 in Ranged Weapons
   280 | D:1      | Reached XP level 3. HP: 21/21 MP: 4/4
   628 | D:1      | Found a faded altar of an unknown god.
   629 | D:1      | 629 ||| UPGRADING to +0 ring mail.
   639 | D:1      | 639 ||| DROPPING +0 robe.
   640 | D:1      | 640 ||| UPGRADING to amulet of guardian spirit.
   645 | D:1      | 645 ||| READING scroll labelled GAPRYA PEEMIPSUPO.
   646 | D:1      | 646 ||| READING scroll labelled MOEMUROXAMO.
   647 | D:1      | 647 ||| DRINKING 2 glowing silvery potions.
   648 | D:1      | 648 ||| DROPPING scroll of poison.
   721 | D:2      | Reached XP level 4. HP: 21/26 MP: 3/5
   872 | D:2      | Reached skill level 4 in Ranged Weapons
  1064 | D:2      | Reached skill level 1 in Armour
  1275 | D:2      | 1275 ||| SWAPPING to +0 shortbow.
  1276 | D:2      | 1276 ||| DROPPING +1 sling.
  1277 | D:2      | 1277 ||| UPGRADING to +6 ring of strength.
  1278 | D:2      | 1278 ||| READING scroll labelled DITWAGAIPNE.
  1279 | D:2      | 1279 ||| READING scroll labelled WILOISHRIRO.
  1336 | D:3      | Found a hide-covered altar of Uskayaw.
  1507 | D:3      | Found a white marble altar of Elyvilon.
  1605 | D:3      | Reached XP level 5. HP: 26/30 MP: 6/6
  1660 | D:3      | HP: 7/30 [scorpion (5)]
  1662 | D:3      | Slain by a scorpion

Levels and vault maps discovered:
D:1:      lightli_arrival_isolated_outpost, layout_rooms,
          shapermc_ecumenical_altar_mp_urbaneastern
D:2:      layout_basic, kennysheep_generic_room_15
D:3:      wad_river_or_something, layout_basic, nicolae_elyvilon_peaceful_grove,
          nicolae_uskayaw_murder_on_the_dancefloor, serial_shops, shop

Skill      XL: |  1  2  3  4 |
---------------+-------------+-----
Ranged Weapons | 3 4 |  4.6
Fighting       | 2 |  2.0
Armour         | 1 |  1.1
Dodging        | |  1.5
Spellcasting   | |  1.0
Hexes          | |  2.6

Action                     |  1- 3 |  4- 6 || total
---------------------------+-------+-------++-------
   Fire: Sling             |   123 |    41 ||   164
         Shortbow          |       |    89 ||    89
    Use: Scroll            |     2 |     2 ||     4
         Potion            |     1 |       ||     1
 Armour: Robe              |    11 |       ||    11
         Ring mail         |    47 |    41 ||    88
  Dodge: Dodged            |    65 |    50 ||   115

Table legend:
 A = Non-vault XP
 B = Vault XP
 C = Vault XP percentage of total XP
 D = Non-vault monster count
 E = Vault monster count
 F = Vault count percentage of total count
                 A         B        C        D         E       F
            +---------+---------+-------+---------+---------+-------
      Total |     150 |      29 |  16.2 |      55 |       8 |  12.7
            +---------+---------+-------+---------+---------+-------
        D:1 |      41 |       0 |   0.0 |      26 |       0 |   0.0
        D:2 |      72 |       2 |   2.7 |      17 |       1 |   5.6
        D:3 |      37 |      27 |  42.2 |      12 |       7 |  36.8
            +---------+---------+-------+---------+---------+-------
